[Event "Late-Titled-Tuesday-Blitz-April-23-2024"]
[Site "Chess.com"]
[Date "2024.04.23"]
[Round "6"]
[White "rhwr"]
[Black "Nicolik"]
[Result "0-1"]
[WhiteElo "2302"]
[BlackElo "2512"]
[TimeControl "180+1"]
[EndTime "15:06:56 PDT"]
[Termination "Nicolik won on time"]

1. e4 c5 2. Be2 Nc6 3. f4 g6 4.
Nf3 Bg7 5. c3 d6 6. O-O e5 7. d3 Nge7 8. Na3 O-O 9. Qe1 f5 10.
fxe5 Nxe5 11. d4 Nxf3+ 12. Bxf3 cxd4 13. exf5 Nxf5 14. cxd4 Bxd4+ 15. Kh1 Bd7 16. Bd5+ Kh8 17. Bxb7 Rb8 18. Bd5 Rb4 19. Bh6 Rxb2 20. Bxf8 Qxf8 21. Rd1 Re2 22. Qh4 Be5 23. Qg5 Qe8 24. Nc4 Bg7 25.
Qc1 Bb5 26. Rde1 Bxc4 27. Bxc4 Rxe1 28. Rxe1 Be5 29. Bd3 Nd4 30. Qe3 Qd8 31. h3 Qh4 0-1

[Event "Late-Titled-Tuesday-Blitz-April-23-2024"]
[Site "Chess.com"]
[Date "2024.04.23"]
[Round "6"]
[White "dasatcu90"]
[Black "m_ezat"]
[Result "0-1"]
[WhiteElo "2204"]
[BlackElo "2611"]
[TimeControl "180+1"]
[EndTime "15:06:57 PDT"]
[Termination "m_ezat won by resignation"]

1. d4 Nf6 2. Nf3 g6 3. c4 Bg7 4. Nc3 O-O 5. Bg5 d5 6. Bxf6 Bxf6 7. Nxd5 Bg7 8. e3 c5 9. Be2 Nc6 10. O-O cxd4 11. Nxd4 Nxd4 12. exd4 e6 13. Nc3 Bxd4 14.
Qc2 e5 15. Bf3 a6 16. Rad1 Be6 17. Bd5 Bg4 18. Ne2 Rc8 19. Bxb7 Rb8 20. Nxd4 Bxd1 21. Rxd1 exd4 22. Bd5 Qf6 23. b3 Rfe8 24. g3 Re5 25. Kg2 Rbe8 26. Rxd4 Re2 27. Rd2 Qxf2+ 28. Kh3 Qxh2+ 29. Kg4 Qh5+ 30. Kf4 Rxd2 31. Qxd2 Qh6+ 0-1

[Event "Late-Titled-Tuesday-Blitz-April-23-2024"]
[Site "Chess.com"]
[Date "2024.04.23"]
[Round "6"]
[White "ArtemDyachuk"]
[Black "subham777"]
[Result "1-0"]
[WhiteElo "2730"]
[BlackElo "2530"]
[TimeControl "180+1"]
[EndTime "15:07:00 PDT"]
[Termination "ArtemDyachuk won by checkmate"]

1. e4 e6 2. d4 d5 3. Nc3 Nf6 4. Bg5 Be7 5. e5 Nfd7 6. h4 h6 7. Bxe7 Qxe7 8. Qg4 O-O 9. Nce2 Qb4+ 10. c3 Qxb2 11.
Rd1 c5 12. Rh3 Kh8 13. Rg3 Rg8 14. Nf3 cxd4 15. Ng5 Rf8 16. Nxe6 Rg8 17. Nxg7 Nxe5 18. Qf4 Kh7 19. Qxe5 Nc6 20. Nh5 Rg6 21. Qf6 Nd8 22.
Rxg6 fxg6 23. Qg7# 1-0

[Event "Late-Titled-Tuesday-Blitz-April-23-2024"]
[Site "Chess.com"]
[Date "2024.04.23"]
[Round "6"]
[White "Smiechu"]
[Black "LeninGuerra"]
[Result "0-1"]
[WhiteElo "2438"]
[BlackElo "2672"]
[TimeControl "180+1"]
[EndTime "15:07:01 PDT"]
[Termination "LeninGuerra won by resignation"]

1. e4 c5 2. Nf3 e6 3. d4 cxd4 4.
Nxd4 a6 5. Bd3 b5 6. O-O Bb7 7. Be3 Nf6 8. e5 Nd5 9. Bd2 Bc5 10. Nb3 Ba7 11. Nc3 h5 12. Ne4 Kf8 13. Nd6 Bc6 14.
c4 bxc4 15. Bxc4 h4 16. Qf3 Qe7 17. Bg5 f6 18. Na5 Kg8 19. Nxc6 dxc6 20. Bxd5 cxd5 21. exf6 Qxd6 22. fxg7 Rh7 23. Bf4 Qe7 24. Be5 Nc6 25. Bf6 Qf7 26. Rac1 Nd4 27. Bxd4 Qxf3 28. gxf3 Bxd4 29.
Rc7 Rxg7+ 30. Rxg7+ Kxg7 31. b3 Kf6 32. Kg2 e5 33. Kh3 Kf5 34. Kxh4 Kf4 35. Kh5 Rh8+ 36. Kg6 Rxh2 37. b4 Rxf2 38. Rb1 Rxa2 39. b5 axb5 40. Rxb5 Kxf3 0-1

[Event "Late-Titled-Tuesday-Blitz-April-23-2024"]
[Site "Chess.com"]
[Date "2024.04.23"]
[Round "6"]
[White "Mops_2004"]
[Black "Russian_berezka"]
[Result "1-0"]
[WhiteElo "2876"]
[BlackElo "2644"]
[TimeControl "180+1"]
[EndTime "15:07:03 PDT"]
[Termination "Mops_2004 won by resignation"]

1. g3 Nf6 2. Bg2 d5 3. f4 c5 4. Nf3 e6 5. O-O b5 6. a4 b4 7.
b3 Bb7 8. Bb2 Be7 9. e3 O-O 10.
Qe2 Nbd7 11. d3 a5 12. Nbd2 Nb6 13. Ne5 Qc7 14. g4 Ne8 15. g5 Nd6 16. Rf3 f6 17. gxf6 Bxf6 18. Rh3 Nf5 19. Ndf3 c4 20. e4 dxe4 21.
dxe4 c3 22. Bc1 Qc5+ 23. Kh1 Ba6 24. Qe1 Nd6 25. Be3 Qc7 26. Bxb6 Qxb6 27. Nd7 Qc7 28.
Nxf8 Rxf8 29. e5 Nf5 30. exf6 Rxf6 31. Ne5 Nd4 32. Qh4 h6 33. Rc1 Ne2 34. Rf1 Nd4 35. Rf2 Nf5 36. Qh5 Ne3 37. Rxe3 Qc5 38. Qf3 1-0

[Event "Late-Titled-Tuesday-Blitz-April-23-2024"]
[Site "Chess.com"]
[Date "2024.04.23"]
[Round "6"]
[White "shirovin"]
[Black "Eloist"]
[Result "0-1"]
[WhiteElo "2094"]
[BlackElo "2457"]
[TimeControl "180+1"]
[EndTime "15:07:03 PDT"]
[Termination "Eloist won on time"]

1. e4 e6 2. d4 d5 3. e5 c5 4. c3 Qb6 5. Nf3 Bd7 6. a4 Nc6 7. Be2 cxd4 8. cxd4 Na5 9. Nbd2 Rc8 10. O-O Nh6 11. Rb1 Bb4 12. Nb3 Nf5 13. Nxa5 Qxa5 14.
Be3 O-O 15. Bd3 Bxa4 16. b3 Bb5 17. Ng5 Bxd3 18. Qxd3 h6 19. g4 Rc3 20. Qd1 Nxe3 21. fxe3 hxg5 22. Qf3 Qa2 23. Ra1 Qxb3 24. Rxa7 Rxe3 25.
Qf2 Qd3 26. Rxb7 Re2 27. Qxf7+ Rxf7 28. Rbxf7 Qxd4+ 29. Kh1 Qe4+ 0-1

[Event "Late-Titled-Tuesday-Blitz-April-23-2024"]
[Site "Chess.com"]
[Date "2024.04.23"]
[Round "6"]
[White "GMBenjaminBok"]
[Black "Lennis93"]
[Result "1-0"]
[WhiteElo "3042"]
[BlackElo "2762"]
[TimeControl "180+1"]
[EndTime "15:07:06 PDT"]
[Termination "GMBenjaminBok won on time"]

1. d4 Nf6 2. c4 e6 3. Nc3 Bb4 4. Qc2 d6 5. e3 e5 6. Bd3 O-O 7.
Ne2 Nc6 8. O-O Bxc3 9. Qxc3 a5 10. Ng3 d5 11. dxe5 Ng4 12. cxd5 Ncxe5 13. Be2 Qxd5 14.
Qxc7 Be6 15. Rd1 Qc6 16. Qxc6 Nxc6 17. Bd2 Nge5 18. Bc3 f6 19. f4 Nc4 20. e4 Rfd8 21. Kf2 b5 22. Rxd8+ Rxd8 23. Rc1 Bf7 24. b3 Na3 25. Bb2 1-0

[Event "Late-Titled-Tuesday-Blitz-April-23-2024"]
[Site "Chess.com"]
[Date "2024.04.23"]
[Round "6"]
[White "samolo"]
[Black "Brahianzevich"]
[Result "1-0"]
[WhiteElo "2668"]
[BlackElo "2476"]
[TimeControl "180+1"]
[EndTime "15:07:07 PDT"]
[Termination "samolo won by resignation"]

1. b3 d5 2. Bb2 e6 3. Nf3 Nf6 4. g3 Be7 5. Bg2 O-O 6. O-O c5 7. e3 Nc6 8. c4 d4 9. exd4 cxd4 10. Re1 Bc5 11. Ne5 Bd7 12. Nxd7 Qxd7 13. a3 a5 14. d3 Rfe8 15. Nd2 e5 16. Ne4 Nxe4 17. Bxe4 f5 18. Bd5+ Kh8 19. Qh5 g6 20. Qf3 Re7 21. Re2 Qd6 22. Qg2 h6 23. g4 Rf8 24. Rae1 Bxa3 25.
Bxa3 Qxa3 26. Bxc6 bxc6 27. Qxc6 fxg4 28. Qxg6 Rg7 29.
Qxh6+ Kg8 30. Rxe5 Qxb3 31. Rg5 Qb7 32. Ree5 Qb1+ 33.
Kg2 Qb7+ 34. Rd5 Rxf2+ 35. Kxf2 Qb2+ 36. Kg3 1-0

[Event "Late-Titled-Tuesday-Blitz-April-23-2024"]
[Site "Chess.com"]
[Date "2024.04.23"]
[Round "6"]
[White "szachmistrz2500"]
[Black "Airquake"]
[Result "0-1"]
[WhiteElo "2462"]
[BlackElo "2661"]
[TimeControl "180+1"]
[EndTime "15:07:07 PDT"]
[Termination "Airquake won by resignation"]

1. d4 Nf6 2. Nf3 e6 3. c4 d5 4. Nc3 Be7 5. Bg5 O-O 6. e3 b6 7. cxd5 exd5 8. Be2 Bb7 9. O-O Ne4 10. Nxe4 dxe4 11.
Bxe7 Qxe7 12. Nd2 Nd7 13. Nb3 f5 14. Rc1 Rac8 15. Bc4+ Kh8 16. Qe2 f4 17. exf4 Rxf4 18. Ba6 Bxa6 19. Qxa6 Rff8 20. Rfe1 Nf6 21. h3 Nd5 22.
Qb7 Rcd8 23. Nd2 Qb4 24. Nxe4 Qxb2 25. Rcd1 Qxa2 26. Rd2 Qa5 27. Rde2 Nf4 28. Re3 Rxd4 29. Qxc7 Nd5 30. Qd6 Qb4 31. Ra3 Rxe4 32. Rxe4 Qxd6 0-1

[Event "Late-Titled-Tuesday-Blitz-April-23-2024"]
[Site "Chess.com"]
[Date "2024.04.23"]
[Round "6"]
[White "dretch"]
[Black "Msb2"]
[Result "0-1"]
[WhiteElo "2931"]
[BlackElo "3065"]
[TimeControl "180+1"]
[EndTime "15:07:08 PDT"]
[Termination "Msb2 won on time"]

1. d4 d5 2. c4 e6 3. Nc3 Bb4 4. a3 Bxc3+ 5. bxc3 Nf6 6. e3 c6 7. a4 O-O 8. Nf3 Qc7 9. Bd3 dxc4 10. Bxc4 c5 11. Ba3 Re8 12. Bb5 Bd7 13. O-O Bxb5 14. axb5 Nbd7 15. Qb1 e5 16. Qf5 a6 17.
b6 Nxb6 18. dxe5 Nfd7 19. Ng5 Nf8 20. e6 fxe6 21. Qe4 h6 22. Nf3 Nd5 23. c4 Nf6 24. Qc2 e5 25. Qf5 Qd7 26. Qb1 e4 27. Rd1 Qf7 28. Nd2 Rac8 29. Bb2 N8h7 30. h3 Qg6 31. Qc2 Kh8 32. Bc3 Ng5 33. Kh1 Qf5 34. Nf1 Nxh3 35. gxh3 Qxh3+ 36. Kg1 Ng4 37. Rd5 Rf8 38.
f4 exf3 0-1

[Event "Late-Titled-Tuesday-Blitz-April-23-2024"]
[Site "Chess.com"]
[Date "2024.04.23"]
[Round "6"]
[White "Njal28"]
[Black "DeTimmerman"]
[Result "1-0"]
[WhiteElo "3026"]
[BlackElo "2749"]
[TimeControl "180+1"]
[EndTime "15:07:08 PDT"]
[Termination "Njal28 won by resignation"]

1. Nf3 Nf6 2. b3 e6 3. Bb2 d5 4.
e3 Be7 5. g4 O-O 6. g5 Nfd7 7.
h4 c5 8. Nc3 Nc6 9. d4 cxd4 10.
Nxd4 Nxd4 11. Qxd4 Bc5 12. Qd2 Qe7 13. O-O-O Ba3 14.
f4 Bxb2+ 15. Kxb2 Nc5 16. h5 f6 17. h6 g6 18. Qd4 fxg5 19. fxg5 b6 20. Bg2 Bb7 21.
Rhf1 Rxf1 22. Rxf1 Rd8 23. Rf6 Nd7 24. Nxd5 Bxd5 25.
Bxd5 Nxf6 26. gxf6 Qc7 27. f7+ Qxf7 28. Bxe6 Rxd4 29. Bxf7+ Kxf7 30. exd4 g5 31. Kc1 Kg6 32. d5 1-0

[Event "Late-Titled-Tuesday-Blitz-April-23-2024"]
[Site "Chess.com"]
[Date "2024.04.23"]
[Round "6"]
[White "carokannlover213"]
[Black "Artem_Koval"]
[Result "0-1"]
[WhiteElo "2773"]
[BlackElo "2577"]
[TimeControl "180+1"]
[EndTime "15:07:11 PDT"]
[Termination "Artem_Koval won by checkmate"]

1. e4 c5 2. Nf3 d6 3. Bb5+ Nd7 4. O-O Nf6 5. Re1 a6 6. Bf1 e5 7. c3 Be7 8. d4 O-O 9. d5 Re8 10. a4 Nf8 11. Na3 Rb8 12. Bd3 Ng6 13. Bd2 Nh5 14. g3 Nf6 15. Kg2 Bd7 16. b4 Qc8 17. b5 Bh3+ 18.
Kg1 Nf4 19. Bf1 Bxf1 20. Rxf1 Nh3+ 21. Kg2 Nxe4 22. Be3 Nhg5 23. h4 Qh3+ 24. Kg1 Nxc3 25. Nxg5 Bxg5 26. Qf3 e4 27. Qg2 Ne2# 0-1

[Event "Late-Titled-Tuesday-Blitz-April-23-2024"]
[Site "Chess.com"]
[Date "2024.04.23"]
[Round "6"]
[White "RealPerangel"]
[Black "venturov"]
[Result "1-0"]
[WhiteElo "2708"]
[BlackElo "2512"]
[TimeControl "180+1"]
[EndTime "15:07:12 PDT"]
[Termination "RealPerangel won on time"]

1. e4 Nf6 2. e5 Nd5 3. d4 d6 4. c4 Nb6 5. f4 g6 6. Nc3 Bg7 7.
Be3 Be6 8. Nf3 O-O 9. b3 dxe5 10.
fxe5 c5 11. d5 Bg4 12. Be2 N6d7 13. O-O Bxf3 14. Bxf3 Nxe5 15. Bxc5 Qa5 16. b4 Qa3 17. Nb5 Nxf3+ 18. Rxf3 Qb2 19. Rc1 Na6 20. Rc2 Qe5 21. Re2 Qh5 22. Bxe7 Rfe8 23. d6 Bf8 24. a3 Bxe7 25.
Rxe7 Rxe7 26. dxe7 Qh4 27. Qd7 Qe1+ 28. Rf1 Qe3+ 29.
Kh1 Kg7 30. Nd6 Kh6 31. e8=Q 1-0

[Event "Late-Titled-Tuesday-Blitz-April-23-2024"]
[Site "Chess.com"]
[Date "2024.04.23"]
[Round "6"]
[White "nabukatnezarr"]
[Black "wild3000"]
[Result "1-0"]
[WhiteElo "2619"]
[BlackElo "2421"]
[TimeControl "180+1"]
[EndTime "15:07:14 PDT"]
[Termination "nabukatnezarr won by resignation"]

1. Nf3 d5 2. g3 Nf6 3. Bg2 g6 4. O-O Bg7 5. d3 O-O 6. Nbd2 c5 7. e4 Nc6 8. exd5 Nxd5 9. Nc4 Nc7 10. Re1 Be6 11. c3 Bxc4 12. dxc4 Qxd1 13. Rxd1 Rfd8 14.
Be3 Ne6 15. Rd5 Na5 16. Nd2 Rac8 17. Rc1 Nc6 18. f4 b6 19. Kf2 Na5 20. Ke2 Rxd5 21. cxd5 Nc7 22. b3 Nb7 23. c4 Nd6 24. Ne4 Nxe4 25.
Bxe4 Ne8 26. Rc2 Nd6 27. Bd3 Re8 28. Kf3 h5 29. a3 a5 30. h3 f5 31. Bd2 e5 32. fxe5 Bxe5 33. b4 axb4 34. axb4 Ra8 35. bxc5 bxc5 36. Be3 Ra3 37. Ke2 Ne4 38. Bxe4 fxe4 39.
Bxc5 Bxg3 40. Bxa3 1-0

[Event "Late-Titled-Tuesday-Blitz-April-23-2024"]
[Site "Chess.com"]
[Date "2024.04.23"]
[Round "6"]
[White "JoakimVonAnd"]
[Black "stollenmonster"]
[Result "1/2-1/2"]
[WhiteElo "2713"]
[BlackElo "2920"]
[TimeControl "180+1"]
[EndTime "15:07:19 PDT"]
[Termination "Game drawn by repetition"]

1. d4 Nf6 2. c4 e6 3. Nc3 d5 4. cxd5 Nxd5 5. e4 Nxc3 6. bxc3 b6 7. Nf3 Bb7 8. Bd3 Nd7 9. O-O Be7 10. Qe2 c5 11.
Rd1 cxd4 12. cxd4 O-O 13. Bf4 Rc8 14. a4 Bb4 15. Rab1 Qe7 16. Bg5 f6 17. Bf4 Rfd8 18.
h4 a5 19. h5 e5 20. dxe5 Nxe5 21. Nxe5 fxe5 22. Be3 Qf6 23. h6 gxh6 24. Bc4+ Kh8 25. Bd5 Bxd5 26. exd5 Rg8 27. d6 Qf5 28. Bxb6 Rxg2+ 29.
Kxg2 Rg8+ 30. Kh2 Qf4+ 31. Kh3 Qf5+ 32. Kh2 Qf4+ 33. Kh3 Qf5+ 34. Kh2 1/2-1/2

[Event "Late-Titled-Tuesday-Blitz-April-23-2024"]
[Site "Chess.com"]
[Date "2024.04.23"]
[Round "6"]
[White "HajiyevKanan"]
[Black "N_I_Chess"]
[Result "1-0"]
[WhiteElo "2619"]
[BlackElo "2390"]
[TimeControl "180+1"]
[EndTime "15:07:25 PDT"]
[Termination "HajiyevKanan won on time"]

1. d4 Nf6 2. Nf3 d5 3. c4 e6 4.
cxd5 exd5 5. Nc3 Bb4 6. Qa4+ Nc6 7. e3 Bd7 8. Qb3 O-O 9. Bd3 b6 10. O-O Bxc3 11. Qxc3 Re8 12. Bd2 Ne7 13. Rac1 c6 14. Ne5 Rc8 15. Ba6 Rc7 16. b4 Ne4 17. Qc2 f6 18. Nxd7 Qxd7 19. Be1 Nf5 20. Bd3 Nfd6 21. a4 Rec8 22. h4 f5 23. f3 Nf6 24. Bg3 g6 25. Be5 Nfe8 26. Qf2 b5 27. Qg3 bxa4 28. Ba6 Rb8 29.
h5 Rxb4 30. hxg6 hxg6 31. Qxg6+ Kf8 32. g4 Nf7 33. Bxc7 Qxc7 34. Rxc6 Qe7 35. Qxf5 a3 36. Re6 1-0

[Event "Late-Titled-Tuesday-Blitz-April-23-2024"]
[Site "Chess.com"]
[Date "2024.04.23"]
[Round "6"]
[White "HipsterChess22"]
[Black "azikom"]
[Result "0-1"]
[WhiteElo "2211"]
[BlackElo "2689"]
[TimeControl "180+1"]
[EndTime "15:07:28 PDT"]
[Termination "azikom won on time"]

1. d4 Nf6 2. Nc3 e6 3. e4 d5 4. exd5 Nxd5 5. Ne4 Nd7 6. Nf3 c5 7.
dxc5 Nxc5 8. Nxc5 Bxc5 9. Bd3 Nb4 10. Bb5+ Bd7 11. Bxd7+ Qxd7 12. Qxd7+ Kxd7 13. O-O Nxc2 14. Rb1 Nb4 15. a3 Nd5 16. b4 Bd6 17. Bb2 f6 18.
Rfe1 Rhe8 19. Nd4 Rad8 20. Rbd1 Be5 21. g3 a6 22. f4 Bxd4+ 23. Rxd4 Ke7 24. a4 Kf7 25. b5 axb5 26. axb5 Nb6 27. Rc1 Rxd4 28. Bxd4 Nd5 29. f5 exf5 30. Rc5 Rd8 31. Kf2 Rd7 32. Rc8 h5 33. b6 f4 34. Bc5 fxg3+ 35. hxg3 Kg6 36.
Kf3 Kf5 37. Rh8 g6 38. Re8 Nc3 39. Rc8 Nb5 40. Be3 Nd4+ 0-1

[Event "Late-Titled-Tuesday-Blitz-April-23-2024"]
[Site "Chess.com"]
[Date "2024.04.23"]
[Round "6"]
[White "PavelShkapenko"]
[Black "zverr1"]
[Result "1-0"]
[WhiteElo "2743"]
[BlackElo "2443"]
[TimeControl "180+1"]
[EndTime "15:07:31 PDT"]
[Termination "PavelShkapenko won by checkmate"]

1. e4 c5 2. Nc3 Nc6 3. g3 g6 4. Bg2 Bg7 5. d3 e6 6. Be3 d6 7.
Qd2 Rb8 8. Nge2 Nd4 9. O-O h5 10.
h3 e5 11. f4 Ne7 12. fxe5 dxe5 13. Bg5 Qd6 14. Nxd4 exd4 15. Nb5 Qd7 16. Qf4 O-O 17. Qxb8 f6 18. Nxa7 fxg5 19. Rxf8+ Bxf8 20. Nxc8 Nxc8 21. Qe5 Bd6 22. Qd5+ Qf7 23. Qxf7+ Kxf7 24. e5 Bxe5 25. Bxb7 Nb6 26. a4 Bb8 27. a5 Nd7 28. a6 Ba7 29.
Re1 Nf6 30. Bc6 g4 31. h4 Bb8 32. Kg2 Ba7 33. Re5 Bb8 34. Rxc5 Ba7 35. Rb5 Ke6 36. Rb7 Bc5 37. a7 Bxa7 38. Rxa7 Kd6 39. Be4 Nxe4 40. dxe4 Ke5 41. Ra6 Kxe4 42. Rxg6 Ke3 43. Rd6 Ke4 44. Rh6 Ke3 45. Rxh5 Ke4 46. Rh8 d3 47. cxd3+ Kxd3 48. Rg8 Kc2 49. Rxg4 Kxb2 50. Rf4 Kc2 51. h5 Kd3 52. h6 Ke3 53. h7 Ke2 54. h8=Q Kd2 55.
Qd4+ Kc1 56. Qe3+ Kc2 57. Rf2+ Kb1 58. Qe1# 1-0

[Event "Late-Titled-Tuesday-Blitz-April-23-2024"]
[Site "Chess.com"]
[Date "2024.04.23"]
[Round "6"]
[White "Harry_Rakkel"]
[Black "rhungaski"]
[Result "0-1"]
[WhiteElo "2681"]
[BlackElo "2509"]
[TimeControl "180+1"]
[EndTime "15:07:35 PDT"]
[Termination "rhungaski won by resignation"]

1. e4 e5 2. Nf3 Nc6 3. Bc4 Nf6 4. Ng5 d5 5. exd5 Na5 6. Bb5+ Bd7 7. Qe2 Be7 8. Nc3 O-O 9. Nge4 Nxe4 10. Nxe4 Bf5 11. O-O Qxd5 12. Nc3 Qe6 13. d3 c6 14. Ba4 b5 15. Bb3 Qg6 16. Bd2 Bc5 17. Kh1 Nxb3 18. axb3 Bd4 19. Ra6 Bc8 20. Ra2 f5 21. Rfa1 Bb7 22. f3 a6 23. Be3 Rae8 24. Nd1 c5 25. h3 e4 26. dxe4 fxe4 27. f4 Qg3 28. Rxa6 Bxa6 29.
Rxa6 Bxe3 30. Qxe3 Qxf4 31. Rb6 Qf1+ 32. Qg1 e3 0-1

[Event "Late-Titled-Tuesday-Blitz-April-23-2024"]
[Site "Chess.com"]
[Date "2024.04.23"]
[Round "6"]
[White "JaackCamel"]
[Black "traack"]
[Result "1-0"]
[WhiteElo "2250"]
[BlackElo "2450"]
[TimeControl "180+1"]
[EndTime "15:07:35 PDT"]
[Termination "JaackCamel won by checkmate"]

1. d4 Nf6 2. c4 c5 3. d5 e6 4.
Nc3 exd5 5. cxd5 d6 6. e4 g6 7. f4 Bg7 8. Bb5+ Nfd7 9. a4 O-O 10. Nf3 Na6 11. O-O Nc7 12. Bc4 a6 13. Re1 Re8 14. h3 Rb8 15. Qd3 Qf6 16. e5 dxe5 17. d6 Na8 18. Ng5 Rf8 19. Nce4 Qd8 20. Nxf7 Rxf7 21. Ng5 Ndb6 22. Bxf7+ Kh8 23. a5 Nd7 24. f5 h6 25.
Ne6 Qf6 26. Bxg6 e4 27. Qxe4 b5 28. Nxg7 Kxg7 29. Qe7+ Kg8 30. Bxh6 Qxe7 31. dxe7 Nf6 32. e8=Q+ Nxe8 33. Rxe8# 1-0

[Event "Late-Titled-Tuesday-Blitz-April-23-2024"]
[Site "Chess.com"]
[Date "2024.04.23"]
[Round "6"]
[White "h4parah5"]
[Black "baki83"]
[Result "1-0"]
[WhiteElo "3045"]
[BlackElo "2921"]
[TimeControl "180+1"]
[EndTime "15:07:36 PDT"]
[Termination "h4parah5 won by resignation"]

1. Nf3 d5 2. e3 Nf6 3. c4 e6 4. b3 b6 5. Bb2 Bb7 6. cxd5 exd5 7. g3 Bd6 8. Bg2 Nbd7 9. O-O O-O 10. Nc3 a6 11.
Rc1 Re8 12. Re1 Nc5 13. d3 h6 14. a3 Ncd7 15. Qc2 c5 16. d4 Rc8 17. dxc5 bxc5 18. Red1 Qe7 19. Nh4 Qe6 20. Nf5 Bf8 21. Ne2 Qb6 22.
Nf4 d4 23. Qb1 Bxg2 24. Kxg2 Qxb3 25. exd4 c4 26. Qc2 Qb7+ 27. d5 g5 28. Bxf6 Nxf6 29. Rb1 Qa8 30. Rb6 Ne4 31. Nh5 Re5 32. Nxh6+ Bxh6 33.
Rxh6 Rce8 34. f3 Rxd5 35. Rxd5 Qxd5 36. fxe4 1-0

[Event "Late-Titled-Tuesday-Blitz-April-23-2024"]
[Site "Chess.com"]
[Date "2024.04.23"]
[Round "6"]
[White "crosky"]
[Black "ATM622"]
[Result "0-1"]
[WhiteElo "2349"]
[BlackElo "2515"]
[TimeControl "180+1"]
[EndTime "15:07:39 PDT"]
[Termination "ATM622 won by resignation"]

1. d4 Nf6 2. Bg5 d5 3. Nd2 Nbd7 4. e3 e5 5. dxe5 Nxe5 6. Ngf3 Bd6 7. Be2 h6 8. Bh4 O-O 9. O-O Ng6 10. Bg3 Bxg3 11. hxg3 Re8 12. c4 c6 13. cxd5 Nxd5 14. Rc1 Qe7 15. Qb3 Be6 16. Qa4 a5 17. Nd4 Bd7 18.
Qb3 Rab8 19. Bd3 Ne5 20. Bb1 Ng4 21. Qd3 g6 22. Nc4 Qg5 23. Nf3 Qh5 24. Nh4 Rbd8 25. Nd6 Re7 26. e4 Nb4 27. Qc4 Be6 28. Qd4 Red7 29.
e5 Nxe5 30. f4 Ng4 31. Qf6 Nxf6 0-1

[Event "Late-Titled-Tuesday-Blitz-April-23-2024"]
[Site "Chess.com"]
[Date "2024.04.23"]
[Round "6"]
[White "gorgeous1083"]
[Black "MarlonJodar"]
[Result "0-1"]
[WhiteElo "2085"]
[BlackElo "2268"]
[TimeControl "180+1"]
[EndTime "15:07:39 PDT"]
[Termination "MarlonJodar won by resignation"]

1. d4 Nf6 2. c4 g6 3. Nf3 Bg7 4. Nc3 d5 5. cxd5 Nxd5 6. e4 Nxc3 7. bxc3 c5 8. Be3 O-O 9. h3 Nc6 10. Be2 cxd4 11. cxd4 Qa5+ 12. Bd2 Qa3 13. d5 Bxa1 14. Qxa1 Nb4 15. O-O f6 16. Qd4 a5 17. Bh6 Rd8 18. Bc4 b5 19. Bc1 Nc2 20. Bxa3 Nxd4 21. Nxd4 bxc4 22.
Bxe7 Re8 23. d6 Bd7 24. Rc1 Rac8 25. f4 Kf7 26. e5 c3 27. Kf2 f5 28. Ke3 Rc4 29. Kd3 Rec8 30. Rc2 Be6 31. Rc1 Ra4 32.
Rc2 Rcc4 33. Bh4 Rxd4+ 34. Kxc3 Rdc4+ 35. Kd3 Rxc2 36. Kxc2 Rxa2+ 37. Kb1 Rxg2 0-1

[Event "Late-Titled-Tuesday-Blitz-April-23-2024"]
[Site "Chess.com"]
[Date "2024.04.23"]
[Round "6"]
[White "yaguigor"]
[Black "Hirna2005"]
[Result "1-0"]
[WhiteElo "2571"]
[BlackElo "2345"]
[TimeControl "180+1"]
[EndTime "15:07:40 PDT"]
[Termination "yaguigor won on time"]

1. Nf3 g6 2. e4 Bg7 3. d4 d6 4.
Bc4 Nf6 5. e5 dxe5 6. Nxe5 O-O 7. O-O Nbd7 8. Nf3 Nb6 9. Bb3 Bf5 10. c3 Rc8 11. h3 c5 12. dxc5 Rxc5 13. Be3 Rc6 14.
Qxd8 Rxd8 15. Nd4 Rcc8 16. Nxf5 gxf5 17. Na3 Nfd5 18. Bxd5 Nxd5 19. Bxa7 b6 20. Nb5 Rc5 21. a4 Ra8 22. Rfd1 e6 23. Kf1 Kf8 24. g3 Ke7 25.
Ke2 Kd7 26. Bxb6 Rxb5 27. axb5 Rxa1 28. Rxa1 Nxb6 29. Ra7+ Ke8 30. Kd3 Be5 31. b3 Bb8 32. Ra6 Bc7 33. c4 Kd7 34. c5 Nd5 35. Ra7 Kc8 36.
b6 Bb8 37. Rxf7 f4 38. g4 e5 39. Kc4 1-0

[Event "Late-Titled-Tuesday-Blitz-April-23-2024"]
[Site "Chess.com"]
[Date "2024.04.23"]
[Round "6"]
[White "HamedWafa4"]
[Black "PositionalPanther"]
[Result "0-1"]
[WhiteElo "2712"]
[BlackElo "2547"]
[TimeControl "180+1"]
[EndTime "15:07:41 PDT"]
[Termination "PositionalPanther won on time"]

1. e4 d5 2. exd5 Qxd5 3. Nc3 Qd8 4. d4 Nf6 5. Nf3 g6 6. Bc4 Bg7 7. h3 O-O 8. Qe2 Nc6 9. Be3 a6 10. O-O-O b5 11. Bb3 a5 12. Qxb5 Bd7 13. Qc4 a4 14. Bxa4 Na5 15. Qd3 Bf5 16. Qd2 Nc4 17. Qe2 Nxb2 18. Kxb2 Qb8+ 19. Bb3 Qa7 20. Ne5 Qa3+ 21.
Kb1 Rfb8 22. Nd3 Ne4 23. Qe1 c5 24. Nb2 c4 25. Nxe4 cxb3 26. Qc3 Bxe4 0-1

[Event "Late-Titled-Tuesday-Blitz-April-23-2024"]
[Site "Chess.com"]
[Date "2024.04.23"]
[Round "6"]
[White "Bryanl106"]
[Black "Nemsko"]
[Result "1-0"]
[WhiteElo "2689"]
[BlackElo "2457"]
[TimeControl "180+1"]
[EndTime "15:07:42 PDT"]
[Termination "Bryanl106 won on time"]

1. e4 e5 2. Nf3 d6 3. d4 Nc6 4.
Nc3 Nf6 5. h3 Be7 6. Bb5 exd4 7.
Nxd4 Bd7 8. O-O O-O 9. Bc4 Ne5 10. Bb3 c5 11. Nf5 Bxf5 12. exf5 c4 13. Ba4 d5 14. Bf4 Nc6 15. Ne2 Qa5 16. c3 b5 17. Bc2 b4 18.
Qd2 Rfd8 19. Nd4 Nxd4 20. cxd4 Rac8 21. Rfe1 c3 22. bxc3 bxc3 23. Qe3 Ba3 24. Be5 Ne4 25. f3 f6 26. fxe4 fxe5 27. exd5 Qxd5 28. Bb3 Rc4 29. Qxe5 Qxd4+ 30. Kh1 c2 31. Qe6+ Kf8 32. Bxc4 1-0

[Event "Late-Titled-Tuesday-Blitz-April-23-2024"]
[Site "Chess.com"]
[Date "2024.04.23"]
[Round "6"]
[White "Kostukov_Alex"]
[Black "rdarruda"]
[Result "1/2-1/2"]
[WhiteElo "2373"]
[BlackElo "2530"]
[TimeControl "180+1"]
[EndTime "15:07:42 PDT"]
[Termination "Game drawn by repetition"]

1. g3 d5 2. Bg2 Nf6 3. d3 c6 4. e4 dxe4 5. dxe4 Qxd1+ 6. Kxd1 e5 7. f3 Bc5 8. Nd2 Be6 9. Bh3 Bxh3 10. Nxh3 Nbd7 11.
a4 a5 12. Ke2 O-O-O 13. Nc4 b6 14. Be3 Bxe3 15. Kxe3 Kc7 16. Rhd1 h6 17. Nf2 g6 18.
Nd3 Rhe8 19. c3 Re6 20. b4 axb4 21. cxb4 Ra8 22. a5 b5 23. Nd2 Rd6 24. Nb3 Rd8 25.
Ke2 Ne8 26. Rdc1 f6 27. Ndc5 Nxc5 28. Rxc5 Kb7 29. Ra2 Nc7 30. Rd2 Na6 31. Rcc2 Nxb4 32. Nc5+ Ka7 33. Rxd6 Rxd6 34. Rb2 Na6 35. Nd3 Rd4 36.
Ke3 Ra4 37. f4 Ra3 38. fxe5 fxe5 39. Ke2 Ra4 40. Kf3 Ra3 41. Ke2 Ra4 42. Kf3 Ra3 43. Ke2 1/2-1/2

[Event "Late-Titled-Tuesday-Blitz-April-23-2024"]
[Site "Chess.com"]
[Date "2024.04.23"]
[Round "6"]
[White "reevecanada"]
[Black "PapaieDudu"]
[Result "1-0"]
[WhiteElo "2625"]
[BlackElo "2443"]
[TimeControl "180+1"]
[EndTime "15:07:43 PDT"]
[Termination "reevecanada won by resignation"]

1. e4 c5 2. Nf3 d6 3. Bb5+ Nd7 4. d4 cxd4 5. Nxd4 Nf6 6. O-O e6 7. Re1 Be7 8. Bf1 O-O 9. c4 Qc7 10. Nc3 a6 11. f3 b6 12. Be3 Bb7 13. Rc1 Rfd8 14. Bf2 Rac8 15. b3 Qb8 16. Qe2 h6 17. g4 Ne5 18. h4 Ng6 19. h5 Ne5 20. Bh3 Nh7 21. f4 Nc6 22. Nf3 Bf6 23. Be3 Ba8 24.
g5 hxg5 25. fxg5 Bxc3 26. Rxc3 Ne5 27. g6 Nf8 28. Nxe5 dxe5 29. gxf7+ Kxf7 30. Qf2+ Kg8 31. Bxb6 Rd7 32. Rg3 Rf7 33. Qe3 Bxe4 34. Bc5 Bf5 35. h6 Nh7 36. hxg7 e4 37. Bd4 Rd8 38. Bxf5 exf5 39.
Rg2 Rdd7 40. Bc3 Qe8 41. Qh6 Qe7 42. Qxh7+ Kxh7 43. Rh2+ Kg6 44. g8=Q+ Rg7 45. Bxg7 Qxg7 46. Rg2+ Kh5 47. Rxg7 1-0